 Dungeon Sprint DCSS version 0.20-a0-1000-g0e8f6bb (webtiles) character file.

19 Monsterracer the Chopper (level 2, 30/30 HPs)
             Began as a Minotaur Fighter on Apr 12, 2017.
             Quit the game in the Dungeon (Sprint V: "Ziggurat Sprint").
             The game lasted 00:03:01 (140 turns).

Monsterracer the Chopper (Minotaur Fighter)          Turns: 140, Time: 00:03:02

Health: 30/30      AC: 27    Str: 32    XL:     2   Next: 55%
Magic:  1/1        EV:  8    Int:  5    God:
Gold:   0          SH:  0    Dex:  9    Spells: 1/1 levels left

rFire    . . .     SeeInvis .   A - +5 broad axe
rCold    . . .     Gourm    .   (no shield)
rNeg     . . .     Faith    .   D - +15 Maxwell's patent armour {-Cast -Tele rElec MR+ rCorr}
rPois    .         Spirit   .   (helmet restricted)
rElec    +         Reflect  .   (no cloak)
rCorr    +         Harm     .   (no gloves)
MR       +....     NoTele   +   (no boots) Stlth ..........NoCast +
                                (no amulet)
Regen    0.1/turn               H - +6 ring of strength
MPRegen  0.1/turn               I - +6 ring of strength

@: no status effects
A: retaliatory headbutt, horns 2
a: no special abilities


You were in the Dungeon.
You were not hungry.

You visited 1 branch

Inventory:

Hand Weapons
 y - a +5 battleaxe
 A - a +5 broad axe (weapon)
 B - a +5 executioner's axe
Armour
 D - the +15 Maxwell's patent armour (worn) {-Cast -Tele rElec MR+ rCorr}
   (You found it in the Dungeon)

   It insulates you from electricity.
   It affects your resistance to hostile enchantments.
   It prevents spellcasting.
   It prevents most forms of teleportation.
   It protects you from acid and corrosion.
Jewellery
 H - a +6 ring of strength (left hand)
 I - a +6 ring of strength (right hand)
Scrolls
 k - 4 scrolls of blinking
 q - 4 scrolls of amnesia
 r - 3 scrolls of recharging
 s - 7 scrolls of fog
 t - a scroll of holy word
 u - 5 scrolls of identify
 v - 5 scrolls of remove curse
 w - 2 scrolls of fear
Potions
 d - 6 potions of might
 e - 10 potions of curing
 g - 10 potions of heal wounds
 h - 6 potions of haste
 i - 7 potions of magic
 j - 3 potions of berserk rage
 l - 2 potions of brilliance
 m - 2 potions of invisibility
 n - 4 potions of resistance
 p - 5 potions of agility
Comestibles
 f - 5 bread rations
 x - 42 fruits
 z - 4 meat rations


   Skills:
 + Level 5.8 Fighting
 * Level 7.1 Axes
 + Level 5.8 Armour
 + Level 0.7 Dodging
   Level 3.6 Shields


You had one spell level left.
You didn't know any spells.

Dungeon Overview and Level Annotations

Branches:
Dungeon (1/1)

Altars:
Ashenzari
Cheibriados
Dithmenos
Elyvilon
Fedhas
Gozag
Hepliaklqana
Kikubaaqudgha
Makhleb
Nemelex Xobeh
Okawaru
Qazlal
Ru
Sif Muna
Trog
Uskayaw
Vehumet
Wu Jian
Xom
Yredelemnul
Zin
The Shining One
Beogh
Jiyva
Lugonu


Innate Abilities, Weirdness & Mutations

You reflexively headbutt those who attack you in melee.
You have a pair of horns on your head.


Message History

The ball python bites you but does no damage.
The ball python closely misses you. The adder bites you but does no damage.
The ball python bites you but does no damage.
The ball python grabs you. The ball python constricts you.
The adder barely misses you. You furiously retaliate!
You headbutt the adder. You slice the ball python!!
You kill the ball python!
You barely miss the adder. The adder bites you but does no damage.
You barely miss the adder. Your headbutt misses the adder.
The adder is moderately wounded.
The adder barely misses you. x2
You slash the adder!
You kill the adder!
Your Axes skill increases to level 7!
No target in view!
No target in view!
No target in view!
You see here an adder corpse.
You see here the +2 ratskin cloak {+Rats rPois rN+ Str-1 Int-1 Dex+1}.
Are you sure you want to abandon this character and quit the game? (Confirm with "yes".)

▓▓▓▓▓▓▓
▓.8©8.▓
▓.....▓
▓.}.@.▓
▓.††..▓
▓.....▓
▓.....▓
▓▓▓▓▓▓▓


There were no monsters in sight!

Vanquished Creatures
  An adder (D)
  A ball python (D)
2 creatures vanquished.

Notes
Turn   | Place    | Note
-------+----------+-------------------------------------------
     0 | D        | Monsterracer the Minotaur Fighter began the quest for the Orb.
     0 | D        | Reached XP level 1. HP: 19/19 MP: 0/0
     0 | D        | Found a deep blue altar of Sif Muna.
     0 | D        | Found a bloodstained altar of Trog.
     0 | D        | Found a sacrificial altar of Ru.
     0 | D        | Found a stormy altar of Qazlal.
     0 | D        | Found an iron altar of Okawaru.
     3 | D        | Found a sparkling altar of Nemelex Xobeh.
     3 | D        | Found a blossoming altar of Fedhas.
     5 | D        | Found an ancient bone altar of Kikubaaqudgha.
     5 | D        | Found a viscous altar of Jiyva.
     5 | D        | Found a corrupted altar of Lugonu.
     5 | D        | Found a hazy altar of Hepliaklqana.
     5 | D        | Found a burning altar of Makhleb.
     5 | D        | Found an opulent altar of Gozag.
   104 | D        | Reached skill level 5 in Fighting
   104 | D        | Reached skill level 6 in Axes
   104 | D        | Reached skill level 5 in Armour
   104 | D        | Reached XP level 2. HP: 29/29 MP: 1/1
   132 | D        | Entered arena 1.
   136 | D        | Reached skill level 7 in Axes
   140 | D        | Quit the game

Vault maps used:
D:        sprint_v

Skill      XL: |  1  2 |
---------------+-------+-----
Fighting       | 5 |  5.8
Axes           | 6 7 |  7.1
Armour         | 5 |  5.8
Dodging        | |  0.7
Shields        | |  3.6

Action                   || total
-------------------------++-------
Melee: Broad axe         ||     3
  Use: Potion            ||     1
Armor: Plate armour      ||     4
Dodge: Dodged            ||     4
